 Dungeon Crawl Stone Soup version 0.23-a0-565-g3e74e4c (webtiles) character file.

84 MalarOregon the Poker (level 4, -9/34 HPs)
             Began as a Merfolk Skald on Dec 13, 2018.
             Killed by divine providence
             ... invoked by an orc priest
              (13 damage)
             ... on level 2 of the Dungeon.
             The game lasted 00:03:28 (1671 turns).

MalarOregon the Poker (Merfolk Skald)               Turns: 1671, Time: 00:03:29

Health: -9/34      AC:  3    Str: 12    XL:     4   Next: 46%
Magic:  7/7        EV: 13    Int: 12    God:
Gold:   31         SH:  0    Dex: 13    Spells: 7/8 levels left

rFire    . . .     SeeInvis .   a - +0 spear
rCold    . . .     Gourm    .   (no shield)
rNeg     . . .     Faith    .   b - +0 leather armour
rPois    .         Spirit   .   (no helmet)
rElec    .         Reflect  .   (no cloak)
rCorr    .         Harm     .   (no gloves)
MR       .....                  (no boots)
Stlth    +.........             (no amulet)
HPRegen  0.11/turn              (no ring)
MPRegen  0.10/turn              (no ring)

@: confused
A: change form in water, swift swim, stealthy swim
a: no special abilities


You were on level 2 of the Dungeon.
You were hungry.

You visited 1 branch of the dungeon, and saw 2 of its levels.

You collected 31 gold pieces.

Inventory:

Hand Weapons
 a - a +0 spear (weapon)
Armour
 b - a +0 leather armour (worn)
Scrolls
 c - a scroll of noise {unknown}
 f - a scroll of enchant armour {unknown}
 g - a scroll of teleportation {unknown}
 i - a scroll of random uselessness {unknown}
 k - a scroll of identify {unknown}
Comestibles
 e - 3 rations {!d}
 j - 3 chunks of flesh


   Skills:
 + Level 2.8 Fighting
 + Level 3.8 Polearms
 + Level 1.2 Armour
 + Level 3.4 Dodging
 + Level 2.5 Spellcasting
 + Level 3.7 Charms


You had 7 spell levels left.
You knew the following spells:

 Your Spells              Type           Power        Failure   Level  Hunger
a - Infusion              Chrm           ##..         7%          1    #......

Your spell library contained the following spells:

 Spells                   Type           Power        Failure   Level  Hunger
 Song of Slaying          Chrm           ##......     11%         2    ###....
 Shroud of Golubria       Chrm/Tloc      #.........   22%         2    ###....
 Regeneration             Chrm/Necr      #.........   41%         3    ###....
 Spectral Weapon          Hex/Chrm       #.......     41%         3    ###....


Dungeon Overview and Level Annotations

Branches:
Dungeon (2/15)

Altars:
Vehumet


Message History

The orc shouts!
The orc priest shouts!
You hear a shout! x2
The orc priest begins to cast a cantrip, but forgets the words!
Found a scroll labeled LYEQOAS PIH.
You hit the orc but do no damage.
An orc priest comes into view. It is wielding a +0 flail.
Things that are here:
a +0 club; a +0 leather armour You hit the orc but do no damage.
The orc barely misses you.
You closely miss the orc. The orc hits you but does no damage.
You hit the orc.
The orc priest calls upon Beogh to heal the orc.
The orc's wounds heal themselves!
The orc closely misses you.
You hit the orc. The orc barely misses you.
You hit the orc.
The orc priest looks encouraged for a moment.
You hit the orc but do no damage. The orc closely misses you.
The orc priest mumbles some strange prayers to Beogh against you.
Beogh smites you!
You hit the orc.
You kill the orc!
You are feeling hungry.
You hit the orc priest.
The orc priest hits you but does no damage.
The orc priest casts a cantrip, but nothing happens.
You completely miss the orc priest.
The orc priest hits you but does no damage.
You barely miss the orc priest. The orc priest closely misses you.
The orc priest invokes the aid of Beogh against you.
Beogh smites you!
* * * LOW HITPOINT WARNING * * *
You hit the orc priest but do no damage.
The orc priest barely misses you.
The orc priest calls upon Beogh to heal the orc priest.
The orc priest's wounds heal themselves!
You closely miss the orc priest. The orc priest completely misses you.
It was a potion of heal wounds.
You feel much better.
The orc priest calls down the wrath of Beogh upon you.
Beogh smites you!
* * * LOW HITPOINT WARNING * * *
The orc priest mumbles some strange prayers to Beogh against you.
Beogh smites you!
* * * LOW HITPOINT WARNING * * *
It was a potion of ambrosia.
You are confused.
You feel invigorated.
The orc priest hits you with a +0 dagger.
* * * LOW HITPOINT WARNING * * *
The orc priest calls down the wrath of Beogh upon you.
Beogh smites you!
You die...

#################
#oo@............#
#)#############.#
#.# #.# #o#
#.####
...............
#.....
#.#####.##?###.
###### #.. o. ###
##


You could see 2 orc priests.

Vanquished Creatures
  An orc priest (D:2)
  A gnoll (D:1)
  2 oozes (D:1)
  A dart slug (D:1)
  An orc (D:2)
  A giant cockroach (D:1)
  2 goblins
  4 hobgoblins (D:1)
  4 jackals (D:1)
  A ball python (D:1)
  6 bats (D:1)
  3 frilled lizards (D:1)
  5 kobolds (D:1)
  3 rats (D:1)
35 creatures vanquished.

Notes
Turn   | Place    | Note
-------+----------+-------------------------------------------
     0 | D:1      | MalarOregon the Merfolk Skald began the quest for the Orb.
     0 | D:1      | Reached XP level 1. HP: 16/16 MP: 3/3
    28 | D:1      | Reached XP level 2. HP: 23/23 MP: 5/5
   125 | D:1      | Reached skill level 1 in Armour
   527 | D:1      | Reached XP level 3. HP: 25/28 MP: 6/6
  1571 | D:2      | Found a radiant altar of Vehumet.
  1614 | D:2      | Reached XP level 4. HP: 30/34 MP: 7/7
  1671 | D:2      | Killed from afar by an orc priest

Vault maps used:
D:1:      onia_arrival_handbag, kennysheep_decorative_pillar,
          grunt_decor_one_mirror, st_stairs_10
D:2:      vehumet_crystals

Skill      XL: |  1  2 |
---------------+-------+-----
Dodging        | 3 |  3.4
Armour         | 1 |  1.2
Fighting       | |  2.8
Polearms       | |  3.8
Spellcasting   | |  2.5
Charms         | |  3.7

Action                   |  1- 3 |  4- 6 || total
-------------------------+-------+-------++-------
Melee: Spear             |   163 |    13 ||   176
       Tailslap          |     1 |       ||     1
  Use: Potion            |       |     2 ||     2
 Stab: Sleeping          |     3 |       ||     3
  Eat: Chunk             |     2 |       ||     2
Armor: Leather armour    |    29 |     2 ||    31
Dodge: Dodged            |   107 |     7 ||   114

Table legend:
 A = Non-vault XP
 B = Vault XP
 C = Vault XP percentage of total XP
 D = Non-vault monster count
 E = Vault monster count
 F = Vault count percentage of total count
                 A         B        C        D         E       F
            +---------+---------+-------+---------+---------+-------
      Total |      87 |      34 |  28.1 |      28 |       7 |  20.0
            +---------+---------+-------+---------+---------+-------
        D:1 |      41 |      34 |  45.3 |      25 |       7 |  21.9
        D:2 |      46 |       0 |   0.0 |       3 |       0 |   0.0
            +---------+---------+-------+---------+---------+-------
